 Dungeon Crawl Stone Soup version 0.22-a0-252-gcace5d2 (webtiles) character file.

1514 Moebius the Insei (level 8, 0/50 HPs)
             Began as an Octopode Transmuter on Mar 2, 2018.
             Slain by a centaur (2 damage)
             ... on level 6 of the Dungeon.
             The game lasted 00:39:08 (7897 turns).

Moebius the Insei (Octopode Transmuter)             Turns: 7897, Time: 00:39:09

Health: 0/50       AC:  1    Str:  9    XL:     8   Next: 83%
Magic:  3/15       EV: 13    Int: 18    God:
Gold:   274        SH:  0    Dex: 12    Spells: 6/17 levels left

rFire    . . .     SeeInvis .     - Unarmed
rCold    . . .     Gourm    .   (no shield)
rNeg     . . .     Faith    .   (helmet restricted)
rPois    .         Spirit   .   E - amulet of rage
rElec    .         Reflect  .   x - ring of wizardry
rCorr    .         Harm     .   (no ring)
MR       .....                  (no ring)
Stlth    ++++......             (no ring)
HPRegen  0.16/turn              (no ring)
MPRegen  0.14/turn              (no ring)
                                (no ring)
                                (no ring)

@: appendage (expiring), very slightly contaminated
A: almost no armour, stealthy swim, amphibious, 8 rings, constrict 8, tentacle
spike 3, camouflage 1, screaming 1, wild magic 1, gelatinous body 1
a: End Transformation, Evoke Berserk Rage


You were on level 6 of the Dungeon.
You were not hungry.
One of your tentacles had a temporary spike.
You visited 1 branch of the dungeon, and saw 7 of its levels.
You also visited: Sewer.

You collected 274 gold pieces.

Inventory:

Hand Weapons
 o - a +0 shortbow
 w - a +0 hunting sling
Missiles
 a - 100 arrows
 d - 31 bolts
 i - 56 sling bullets
 k - 232 stones
 t - 7 javelins (quivered)
 A - 8 curare-tipped needles
 B - 4 tomahawks
Armour
 r - a +0 hat
Jewellery
 p - an uncursed ring of protection from magic
 q - an uncursed ring of poison resistance
 x - a ring of wizardry (left tentacle)
 E - an amulet of rage (around mantle)
Wands
 h - a wand of acid (4)
 y - a wand of flame (29)
 z - a wand of polymorph (13)
Scrolls
 b - a scroll of fear
 f - 2 scrolls of teleportation
 j - 5 scrolls of remove curse
 l - 7 scrolls of identify
 v - a scroll of blinking
Potions
 e - 2 potions of magic
 g - a potion of agility {unknown}
 m - a potion of lignification
 n - 5 potions of haste
 s - a potion of berserk rage
 u - 2 potions of curing
 C - a potion of brilliance {unknown}
 D - 2 potions of heal wounds
Comestibles
 c - 10 rations


   Skills:
 + Level 1.9 Fighting
 + Level 1.0 Throwing
 - Level 2.0 Dodging
 + Level 6.4 Stealth
 + Level 6.5 Unarmed Combat
 + Level 5.1 Spellcasting
 + Level 0.2 Hexes
 + Level 5.1 Transmutations
 + Level 1.4 Evocations


You had 6 spell levels left.
You knew the following spells:

 Your Spells              Type           Power        Failure   Level  Hunger
a - Beastly Appendage     Tmut           ####..       1%          1    None
b - Sticks to Snakes      Tmut           ####....     1%          2    #......
c - Confuse               Hex            #.......     19%         3    ##.....
d - Blade Hands           Tmut           ####......   22%         5    ######.


Dungeon Overview and Level Annotations

Branches:
Dungeon (7/15)
 Temple: D:4-7

Altars:
Okawaru
Vehumet

Shops:
D:4 (

Annotations:
D:2 Sigmund
D:4 tilp's ghost, amateur MfIE


Innate Abilities, Weirdness & Mutations

You cannot wear most types of armour.
You are very stealthy in the water. (Stealth+)
You are amphibious.
You can wear up to eight rings at the same time.
You can use your tentacles to constrict eight enemies at once.
Your skin changes colour to match your surroundings (Stealth+).
Your rubbery body absorbs attacks. (AC +1, EV +1)
One of your tentacles bears a large vicious spike.
You occasionally shout uncontrollably at your foes.
Your spells are a little harder to cast, but a little more powerful.


Message History

The centaur seems less confused.
The centaur shoots an arrow.
The arrow hits you!
* * * LOW HITPOINT WARNING * * *
You see here an arrow.
The centaur unwields an uncursed shortbow.
The centaur hits you.
* * * LOW HITPOINT WARNING * * *
You tentacle-slap the centaur.
The centaur is lightly wounded.
The centaur hits you!
* * * LOW HITPOINT WARNING * * *
You barely miss the centaur.
You pierce the centaur.
The centaur is lightly wounded.
Your transformation is almost over.
The centaur closely misses you. The centaur barely misses you.
You tentacle-slap the centaur.
You squeeze the centaur, but do no damage.
The centaur is heavily wounded.
The centaur hits you.
You die...

###########
##.........#####
###.(### #.....
......c#####..#
.##+##....>.(.#
##..##(#.######
##..(###.c@(.#
##..(#.####.#
#..#.# #.#
##.### #.# # #
### #.# #(###.
.## ##.# #.#
#.##...#### ..#
#..###.# ...
#..<.#
..###..##..#
##.##...##.#
#..#..##..##
#(###.# #.#


You could see a centaur.

Vanquished Creatures
  An ogre (D:5)
  A centaur (D:5)
  5 big kobolds (Sewer)
  A bullfrog (D:6)
  A scorpion (D:4)
  3 wights (D:6)
  2 crimson imps
  An orc priest (D:5)
  An orc wizard (D:4)
  3 iguanas
  A bullfrog skeleton (D:5)
  Terence (D:2)
  Jessica (D:2)
  5 worker ants
  2 hound zombies (D:5)
  8 adders
  2 river rats (Sewer)
  2 shadow imps
  8 oozes
  3 adder skeletons
  9 dart slugs
  5 worms
  3 leopard geckos
  8 orcs
  6 ball pythons
  8 giant cockroaches
  6 goblins
  5 hobgoblins
  9 jackals
  9 kobolds
  A quokka (D:4)
  8 bats
  3 frilled lizards
  A leopard gecko skeleton (D:3)
  12 rats
145 creatures vanquished.

Vanquished Creatures (collateral kills)
  A centaur (D:3)
  A hound (D:5)
  An adder (D:5)
  A quokka (D:3)
4 creatures vanquished.

Grand Total: 149 creatures vanquished

Notes
Turn   | Place    | Note
-------+----------+-------------------------------------------
     0 | D:1      | Moebius the Octopode Transmuter began the quest for the Orb.
     0 | D:1      | Reached XP level 1. HP: 13/13 MP: 3/3
   107 | D:1      | Reached XP level 2. HP: 18/18 MP: 3/5
   111 | D:1      | Learned a level 2 spell: Sticks to Snakes
   440 | D:1      | Reached skill level 1 in Stealth
   447 | D:1      | Reached XP level 3. HP: 19/23 MP: 4/6
  1081 | D:3      | Found a glowing drain.
  1162 | Sewer    | Entered a sewer
  1266 | Sewer    | Reached XP level 4. HP: 12/28 MP: 5/7
  1446 | Sewer    | Noticed a big kobold
  1466 | Sewer    | Killed a big kobold
  1466 | Sewer    | Reached XP level 5. HP: 6/33 MP: 4/8
  1713 | Sewer    | Gained mutation: You occasionally shout uncontrollably at your foes. [potion of mutation]
  1713 | Sewer    | Gained mutation: Your spells are a little harder to cast, but a little more powerful. [potion of mutation]
  1780 | Sewer    | Noticed a big kobold
  1804 | Sewer    | Killed a big kobold
  2095 | Sewer    | Noticed a big kobold
  2122 | Sewer    | Killed a big kobold
  2122 | Sewer    | Reached XP level 6. HP: 9/38 MP: 10/10
  2383 | Sewer    | Reached skill level 5 in Unarmed Combat
  2404 | Sewer    | Reached XP level 7. HP: 30/43 MP: 11/11
  2605 | Sewer    | Reached skill level 5 in Stealth
  2761 | D:2      | Noticed Jessica
  2767 | D:2      | Killed Jessica
  3125 | D:2      | Noticed Sigmund
  3327 | D:2      | Noticed Terence
  3428 | D:2      | Killed Terence
  4795 | D:4      | Noticed tilp's ghost (amateur MfIE)
  5267 | D:5      | Entered Level 5 of the Dungeon
  5338 | D:4      | Found a radiant altar of Vehumet.
  5551 | D:4      | Found an iron altar of Okawaru.
  5730 | D:5      | Reached skill level 1 in Evocations
  6092 | D:4      | Found Guriyts's Antique Weapon Shoppe.
  6138 | D:4      | Learned a level 3 spell: Confuse
  6159 | D:4      | Reached XP level 8. HP: 39/49 MP: 2/13
  6204 | D:4      | Learned a level 5 spell: Blade Hands
  6356 | D:5      | Reached skill level 1 in Throwing
  7706 | D:6      | Reached skill level 5 in Spellcasting
  7783 | D:6      | Reached skill level 5 in Transmutations
  7895 | D:6      | HP: 2/50 [centaur (7)]
  7897 | D:6      | Slain by a centaur

Vault maps used:
D:1:      onia_arrival_handbag, st_stairs_8
D:2:      first_ration, uniq_jessica, uniq_terence, uniq_sigmund
D:3:      cheibrodos_sewer_entry_drain, grunt_decor_fettered
D:4:      kennysheep_slugbush, kennysheep_mini, serial_shops, shop,
          vehumet_altar_wand_db
D:6:      gammafunk_temple_overflow_claw, nicolae_ru_sacrificial_ziggurat,
          serial_shops, nicolae_shop_waterfront
D:7:      minmay_temple_entry_junction_2, serial_shops, shop
Sewer:    sewer_co_tree

Skill      XL: |  1  2  3  4  5  6  7  8 |
---------------+-------------------------+-----
Stealth        | 1 2 3 4 5 6 |  6.4
Unarmed Combat | 4 5 6 |  6.5
Transmutations | 3 4 5 |  5.1
Spellcasting   | 3 5 |  5.1
Evocations     | 1 |  1.4
Throwing       | 1 |  1.0
Fighting       | |  1.9
Dodging        | |  2.0
Hexes          | |  0.2

Action                   |  1- 3 |  4- 6 |  7- 9 || total
-------------------------+-------+-------+-------++-------
Melee: Unarmed           |    76 |    62 |   264 ||   402
       Constrict         |    19 |     8 |    70 ||    97
       Kick              |    12 |    18 |    56 ||    86
       Tentacles         |    12 |    10 |    54 ||    76
       Punch             |     1 |       |     8 ||     9
Throw: Javelin           |       |       |     7 ||     7
 Cast: Beastly Appendage |    15 |     6 |    35 ||    56
       Sticks to Snakes  |       |     2 |     7 ||     9
       Confuse           |       |       |    12 ||    12
  Use: Scroll            |     6 |     1 |     4 ||    11
       Potion            |       |     6 |     6 ||    12
 Stab: Sleeping          |    10 |     6 |    22 ||    38
       Confused          |       |       |     1 ||     1
  Eat: Chunk             |     1 |     2 |    17 ||    20
       Ration            |       |     1 |       ||     1
Armor: Skin              |     6 |     2 |    14 ||    22
Dodge: Dodged            |    47 |    18 |   165 ||   230

Table legend:
 A = Spawn XP
 B = Non-spawn XP
 C = Spawn XP percentage of total XP
 D = Spawn monster count
 E = Non-spawn monster count
 F = Spawn count percentage of total count
 G = Total turns spent on level
                    A         B        C        D         E        F      G
               +---------+---------+-------+---------+---------+-------+---------
         Total |       0 |    2164 |   0.0 |       0 |     149 |   0.0 |  7897
               +---------+---------+-------+---------+---------+-------+---------
           D:1 |       0 |      56 |   0.0 |       0 |      27 |   0.0 |  1059
           D:2 |       0 |     126 |   0.0 |       0 |      15 |   0.0 |   852
           D:3 |       0 |     132 |   0.0 |       0 |      26 |   0.0 |  1641
           D:4 |       0 |     246 |   0.0 |       0 |      24 |   0.0 |  1077
           D:5 |       0 |     619 |   0.0 |       0 |      20 |   0.0 |  1164
           D:6 |       0 |     350 |   0.0 |       0 |       9 |   0.0 |   523
         Sewer |       0 |     635 |   0.0 |       0 |      28 |   0.0 |  1575
               +---------+---------+-------+---------+---------+-------+---------
